[Event "Team 45 45 League T53"]
[Site "Internet Chess Club"]
[Date "2012.07.09"]
[Round "8"]
[White "fishhead"]
[Black "charles-allen"]
[Result "1-0"]
[WhiteElo "1872"]
[BlackElo "1877"]
[Opening "Petrov: Cochrane gambit"]
[ECO "C42"]
[Time "21:00:46"]
[TimeControl "2700+45"]

1. e4 e5 2. Nf3 Nf6 3. Nxe5 d6 4. Nxf7 Kxf7 5. d4 c5 6. Bc4+ d5 7. exd5 b5 8.
Bxb5 Qxd5 9. Qe2 Qe4 10. Qxe4 Nxe4 11. d5 Ba6 12. Bxa6 Nxa6 13. c4 Nb4 14. Na3
Nd3+ 15. Ke2 Nxc1+ 16. Rhxc1 Bd6 17. f3 Nf6 18. g3 Rhe8+ 19. Kd3 a6 20. b3 Ra7
21. Re1 Rae7 22. Nc2 h5 23. Rxe7+ Rxe7 24. Re1 Rxe1 25. Nxe1 h4 26. gxh4 Bxh2
27. Ng2 Ke7 28. Ne3 Bf4 29. a3 Bxe3 30. Kxe3 a5 31. Kf4 Nd7 32. Kf5 Kf7 33. h5
Nf6 34. Ke5 Ne8 35. d6 Nf6 36. a4 Ke8 37. Ke6 Nxh5 38. Kd5 Kd7 39. Kxc5 Nf4 40.
Kb5 Kxd6 41. Kxa5 Kc5 42. Ka6 Nd3 43. a5 Kc6 44. f4 Nb4+ 45. Ka7 Kc7 46. f5 Nc2
47. Ka6 Nd4 48. b4 Nxf5 49. b5 g5 50. Ka7 Nd6 51. b6+ Kc6 52. c5 Kxc5 53. b7
Nb5+ 54. Kb8 g4 55. Kc8 Na7+ 56. Kc7 Nc6 57. a6 g3 58. a7 Nxa7 59. b8=Q Nb5+ 60.
Kd7 {Black resigns} 1-0

[Event "Team 45 45 League T53"]
[Site "Internet Chess Club"]
[Date "2012.07.09"]
[Round "8"]
[White "KyleMayhugh"]
[Black "Inquisiteur"]
[Result "0-1"]
[WhiteElo "1587"]
[BlackElo "1737"]
[Opening "Pirc: Austrian attack, 6.Be3"]
[ECO "B09"]
[Time "17:58:58"]
[TimeControl "2700+45"]

1. e4 d6 2. d4 Nf6 3. Nc3 g6 4. f4 Bg7 5. Nf3 O-O 6. Be3 c6 7. Be2 Nbd7 8. Qd2
Ng4 9. Bg1 e5 10. dxe5 dxe5 11. O-O-O exf4 12. h3 Ne3 13. Bxe3 fxe3 14. Qxe3 Qe7
15. Rhf1 Ne5 16. Nxe5 Qxe5 17. Bc4 a5 18. Bxf7+ Kh8 19. a4 b5 20. axb5 cxb5 21.
Bd5 Rxf1 22. Rxf1 Rb8 23. Qf3 b4 24. Qf7 Ba6 25. Nd1 Bxf1 26. Qxf1 a4 27. Qa6 a3
28. Kb1 axb2 29. Qa2 Qf4 {White resigns} 0-1

[Event "Team 45 45 League T53"]
[Site "Internet Chess Club"]
[Date "2012.07.09"]
[Round "8"]
[White "j65536d"]
[Black "isolani"]
[Result "1-0"]
[WhiteElo "1813"]
[BlackElo "1518"]
[Opening "Pirc: Ufimtsev-Pytel variation"]
[ECO "B07"]
[Time "20:00:10"]
[TimeControl "2700+45"]

1. e4 d6 2. d4 Nf6 3. Nc3 c6 4. f4 Qa5 5. Bd2 Qb6 6. Nf3 Bg4 7. Bd3 Bxf3 8. Qxf3
Qxd4 9. O-O-O Qb6 10. e5 dxe5 11. fxe5 Nfd7 12. Rde1 e6 13. Rhf1 Nc5 14. Qxf7+
Kd8 15. Bg5+ Kc8 16. Qe8+ Qd8 {Black resigns} 1-0

[Event "Team 45 45 League T53"]
[Site "Internet Chess Club"]
[Date "2012.07.08"]
[Round "8"]
[White "Beetlejuice"]
[Black "katikus"]
[Result "1/2-1/2"]
[WhiteElo "1783"]
[BlackElo "1855"]
[Opening "Catalan: open, 5.Nf3"]
[ECO "E04"]
[Time "14:01:58"]
[TimeControl "2700+45"]

1. d4 d5 2. c4 e6 3. Nf3 Nf6 4. g3 dxc4 5. Bg2 Nc6 6. Qa4 Bb4+ 7. Bd2 Nd5 8.
Bxb4 Nxb4 9. a3 b5 10. Qxb5 Nc2+ 11. Kd2 Bd7 12. Qxc4 Nxa1 13. b4 O-O 14. Nc3 e5
15. d5 Nd4 16. Rxa1 a5 17. Nxe5 axb4 18. Qxb4 c5 {Game drawn by mutual
agreement} 1/2-1/2

[Event "Team 45 45 League T53"]
[Site "Internet Chess Club"]
[Date "2012.07.07"]
[Round "8"]
[White "plutonas"]
[Black "MontanaSky"]
[Result "1-0"]
[WhiteElo "1643"]
[BlackElo "1720"]
[Opening "Dutch defense"]
[ECO "A40"]
[Time "10:02:24"]
[TimeControl "2700+45"]

1. d4 e6 2. c4 f5 3. Nf3 Nf6 4. Bg5 Be7 5. e3 d5 6. Nc3 c6 7. Bd3 O-O 8. O-O b6
9. Ne5 Ne4 10. Bxe7 Qxe7 11. Nxe4 fxe4 12. Be2 Bb7 13. Qa4 dxc4 14. Qxc4 c5 15.
dxc5 Bd5 16. Qc3 Nd7 17. Nxd7 Qxd7 18. cxb6 axb6 19. b3 Rac8 20. Qd2 Qd6 21.
Rfc1 Rcd8 22. Rc2 Qe5 23. Qc3 Qf5 24. Rf1 Qg5 25. Qb4 Rb8 26. Rc7 Qf6 27. Qc3
Qxc3 28. Rxc3 Rbc8 29. Rfc1 Rxc3 30. Rxc3 Ra8 31. a4 Ra5 32. h4 Rc5 33. Rxc5
bxc5 34. Bc4 Kf7 35. a5 Ba8 36. Kh2 Ke7 37. Kg3 Kd6 38. Kg4 Bd5 39. Kf4 Ba8 40.
a6 h6 41. g4 g6 42. a7 e5+ 43. Kg3 g5 44. hxg5 hxg5 45. Be2 Kc7 46. f3 Kb6 47.
f4 Kxa7 48. f5 {Black resigns} 1-0

[Event "Team 45 45 League T53"]
[Site "Internet Chess Club"]
[Date "2012.07.08"]
[Round "8"]
[White "rubo"]
[Black "Warpdrive"]
[Result "0-1"]
[WhiteElo "1665"]
[BlackElo "1620"]
[Opening "Bird's opening"]
[ECO "A03"]
[Time "20:00:22"]
[TimeControl "2700+45"]

1. f4 d5 2. Nf3 Nf6 3. e3 g6 4. b3 Bg7 5. Bb2 O-O 6. Be2 c5 7. O-O Nc6 8. Ne5
Nd7 9. Nxc6 bxc6 10. Bxg7 Kxg7 11. d4 Qb6 12. Nc3 cxd4 13. exd4 Qb4 14. Qd3 Nf6
15. a3 Qd6 16. Na4 Bf5 17. Qd1 Qe6 18. Nc5 Qe3+ 19. Kh1 Ne4 20. Nxe4 dxe4 21.
Rc1 Rad8 22. c3 Rd6 23. b4 g5 24. g4 Bc8 25. f5 e5 26. Rg1 Rfd8 27. Rg3 Qf4 28.
Qc2 exd4 29. cxd4 Rxd4 30. Qxc6 Bb7 31. Qc3 e3+ 32. Bf3 Bxf3+ 33. Kg1 Kg8 34.
Rf1 Rd1 35. Rxf3 Qxf3 {White resigns} 0-1

[Event "Team 45 45 League T53"]
[Site "Internet Chess Club"]
[Date "2012.07.07"]
[Round "8"]
[White "AlexMano"]
[Black "koni"]
[Result "0-1"]
[WhiteElo "1744"]
[BlackElo "1883"]
[Opening "Pirc defense"]
[ECO "B07"]
[Time "05:01:26"]
[TimeControl "2700+45"]

1. e4 d6 2. d4 Nf6 3. Nc3 e5 4. dxe5 dxe5 5. Qxd8+ Kxd8 6. Bc4 Be6 7. Bxe6 fxe6
8. Bg5 Nd7 9. O-O-O Bd6 10. f3 Ke7 11. Nh3 h6 12. Bh4 a6 13. Nf2 b5 14. Nd3 Rhb8
15. g4 a5 16. g5 hxg5 17. Bxg5 a4 18. Rdg1 Kf7 19. Rg2 Nh5 20. Rhg1 b4 21. Nb1
c5 22. Be3 c4 23. Ne1 Bf8 24. c3 a3 25. bxa3 bxc3 26. Nc2 Nc5 27. Bxc5 Bxc5 28.
Nxc3 Bxg1 29. Rxg1 Nf4 30. Rd1 Nd3+ 31. Kd2 Rb2 32. Rb1 Rh8 33. Rxb2 Rxh2+ 34.
Ne2 Nxb2 35. Ke3 Na4 36. Nb4 Ke7 37. Nc6+ Kd6 38. Na5 Kc5 39. Nb7+ Kc6 40. Na5+
Kb5 41. Nb7 c3 42. Kd3 c2 43. Nc1 Nc5+ 44. Nxc5 Kxc5 45. Nb3+ Kb5 46. Nc1 Ka4
47. Kc3 Kxa3 {White resigns} 0-1

[Event "Team 45 45 League T53"]
[Site "Internet Chess Club"]
[Date "2012.07.05"]
[Round "8"]
[White "kabindra"]
[Black "BuddyT"]
[Result "1/2-1/2"]
[WhiteElo "1733"]
[BlackElo "1871"]
[Opening "French: Tarrasch, closed variation, main line"]
[ECO "C06"]
[Time "17:02:50"]
[TimeControl "2700+45"]

1. e4 e6 2. d4 d5 3. Nd2 Nf6 4. e5 Nfd7 5. Bd3 c5 6. c3 Nc6 7. Ne2 cxd4 8. cxd4
f6 9. exf6 Nxf6 10. O-O Bd6 11. a3 O-O 12. b4 Bxh2+ 13. Kxh2 Ng4+ 14. Kg3 Qd6+
15. f4 Ne3 16. Qe1 Nxf1+ 17. Nxf1 e5 18. dxe5 Nxe5 19. fxe5 Qxe5+ 20. Bf4 Rxf4
21. Nxf4 Qg5+ 22. Kh2 Qxf4+ 23. Qg3 Qf6 24. Re1 Bd7 25. Qe5 Qh4+ 26. Kg1 Bc6 27.
Qe6+ Kh8 28. b5 Bd7 29. Qxd7 Qxe1 30. Qh3 g6 31. Bxg6 Qe7 32. Qc3+ Kg8 33. Bf5
Rf8 34. Ng3 Rf6 35. Qd2 Qe5 36. Qg5+ Kf8 37. Kh2 d4 38. Qc1 Kg7 39. Qg5+ Kf8 40.
Qc1 Kg7 41. Qg5+ Kf8 {Game drawn by repetition} 1/2-1/2

[Event "Team 45 45 League T53"]
[Site "Internet Chess Club"]
[Date "2012.07.09"]
[Round "8"]
[White "AntonioMendonca"]
[Black "subterfuge"]
[Result "0-1"]
[WhiteElo "1880"]
[BlackElo "1742"]
[Opening "Caro-Kann: Goldman (Spielmann) variation"]
[ECO "B11"]
[Time "18:54:20"]
[TimeControl "2700+45"]

1. e4 c6 2. Nc3 d5 3. Qf3 d4 4. Bc4 e6 5. Nce2 c5 6. d3 Nc6 7. Qg3 Nge7 8. Nf3
Ng6 9. Bg5 f6 10. Bd2 Bd6 11. Bf4 Qa5+ 12. Bd2 Bxg3 13. Bxa5 Bxf2+ 14. Kxf2 Nxa5
15. Bb5+ Nc6 16. b4 O-O 17. Bxc6 bxc6 18. bxc5 e5 19. Rab1 Ba6 20. Rb3 Rfb8 21.
Rhb1 Rxb3 22. Rxb3 Nf8 23. Ra3 Bb5 24. Nc1 a5 {White resigns} 0-1

[Event "Team 45 45 League T53"]
[Site "Internet Chess Club"]
[Date "2012.07.08"]
[Round "8"]
[White "RD1974"]
[Black "Terlizzi"]
[Result "1-0"]
[WhiteElo "1628"]
[BlackElo "1625"]
[Opening "Sicilian: closed"]
[ECO "B24"]
[Time "19:04:46"]
[TimeControl "2700+45"]

1. e4 c5 2. Nc3 Nc6 3. g3 d6 4. Bg2 Nf6 5. d3 Bg4 6. f3 Bd7 7. Be3 e5 8. Nge2
Be7 9. O-O O-O 10. f4 Nd4 11. f5 Ng4 12. Nd5 Nxe3 13. Nxe3 h5 14. Nc3 Bg5 15.
Ncd5 f6 16. c3 Nc6 17. Qxh5 Be8 18. Qe2 Bf7 19. h4 Bh6 20. Bf3 Ne7 21. Bh5 Bxe3+
22. Nxe3 Qb6 23. Bxf7+ Rxf7 24. h5 Kf8 25. Kg2 Ke8 26. Nc4 Qc6 27. Na5 Qc7 28.
b4 b6 29. Nb3 d5 30. bxc5 bxc5 31. Qe3 c4 32. Nc5 d4 33. cxd4 Nc6 34. Ne6 Qd6
35. d5 Nd4 36. Nxd4 exd4 37. Qxd4 cxd3 38. Qxd3 Re7 39. Kf3 Kf8 40. Rab1 Rae8
41. Rfe1 Re5 42. Rbc1 Qb4 43. Re2 Qd6 44. Rc6 Qd7 45. Re6 R5xe6 46. fxe6 Rxe6
47. Qa3+ Rd6 48. Kf4 Kf7 49. g4 Qc7 50. Kf3 g6 51. Qd3 g5 52. e5 Qc1 53. Qh7+
Kf8 54. Qh8+ Kf7 55. e6+ Ke7 56. Qg7+ Ke8 57. Qf7+ {Black resigns} 1-0

[Event "Team 45 45 League T53"]
[Site "Internet Chess Club"]
[Date "2012.07.06"]
[Round "8"]
[White "DarkFlow"]
[Black "Svend24"]
[Result "0-1"]
[WhiteElo "1917"]
[BlackElo "1978"]
[Opening "Sicilian: Canal-Sokolsky attack, 3...Bd7"]
[ECO "B52"]
[Time "14:00:12"]
[TimeControl "2700+45"]

1. e4 c5 2. Nf3 d6 3. Bb5+ Bd7 4. a4 Nc6 5. O-O Nf6 6. Re1 e6 7. c3 Be7 8. d4
cxd4 9. cxd4 O-O 10. Nc3 Rc8 11. Bf4 d5 12. e5 Ne8 13. Qd2 f6 14. Rac1 fxe5 15.
Nxe5 Nxe5 16. Bxe5 Bb4 17. Bxd7 Qxd7 18. b3 Nf6 19. f3 Rc6 20. Rc2 Rfc8 21. Rec1
Qd8 22. Qd3 Qa5 23. Ne2 Ba3 24. Rxc6 Rxc6 25. Rd1 Be7 26. Rc1 Rxc1+ 27. Nxc1
Qe1+ 28. Qf1 Qe3+ 29. Kh1 Nd7 30. Nd3 Nxe5 31. dxe5 Bd8 32. Qd1 Bb6 33. f4 a5
34. g3 Qe4+ {White resigns} 0-1

[Event "Team 45 45 League T53"]
[Site "Internet Chess Club"]
[Date "2012.07.07"]
[Round "8"]
[White "viking99"]
[Black "KW-Winner"]
[Result "0-1"]
[WhiteElo "1798"]
[BlackElo "1921"]
[Opening "Sicilian: Nimzovich-Rossolimo attack (without ...d6)"]
[ECO "B30"]
[Time "12:04:39"]
[TimeControl "2700+45"]

1. e4 c5 2. Nf3 Nc6 3. Bb5 e5 4. O-O d6 5. d3 Nf6 6. Bg5 a6 7. Bxc6+ bxc6 8.
Nbd2 Be7 9. h3 O-O 10. Nc4 Be6 11. b3 Bxc4 12. bxc4 Rb8 13. Qd2 Qb6 14. Rfb1
Qxb1+ 15. Rxb1 Rxb1+ 16. Kh2 Rfb8 17. Qa5 R8b6 18. Nd2 R1b2 19. Nb3 Bd8 20. f4
h6 21. Bxf6 gxf6 22. Qc3 Rxa2 23. f5 a5 24. Nc1 Ra4 25. Kg3 Rab4 26. Kh4 Rb1 27.
Qxa5 Rxc1 28. Qa8 Kg7 29. Qxd8 Rb2 30. Qxd6 Rbxc2 31. g4 Rd2 32. Qxc5 Rxd3 33.
Qf2 Rxc4 34. Qg2 Rcc3 35. Qh1 Rxh3+ 36. Qxh3 Rxh3+ 37. Kxh3 h5 38. gxh5 Kh6 39.
Kg4 c5 {White resigns} 0-1

[Event "Team 45 45 League T53"]
[Site "Internet Chess Club"]
[Date "2012.07.08"]
[Round "8"]
[White "Constrictor"]
[Black "Innes"]
[Result "1/2-1/2"]
[WhiteElo "1765"]
[BlackElo "1687"]
[Opening "Réti opening"]
[ECO "A05"]
[Time "15:31:51"]
[TimeControl "2700+45"]

1. Nf3 Nf6 2. b4 a5 3. b5 c6 4. c4 d5 5. e3 Bg4 6. d4 e6 7. c5 b6 8. cxb6 Qxb6
9. a4 Bb4+ 10. Bd2 Bxd2+ 11. Nbxd2 O-O 12. Bd3 cxb5 13. Bxb5 Nc6 14. O-O Nb4 15.
Qb3 Rac8 16. Rac1 Qd6 17. Ne5 Bf5 18. Ndf3 Ne4 19. Nd7 Rfd8 20. Nde5 f6 21. Nd3
Bg4 22. Nxb4 axb4 23. Rfd1 Bxf3 24. gxf3 Ng5 25. Kg2 e5 26. dxe5 Qe6 27. Be2
Qh3+ 28. Kg1 Nxf3+ 29. Bxf3 Qxf3 30. Rxc8 Rxc8 31. Rxd5 Kf8 32. Qxb4+ Ke8 33.
Qb5+ Kf8 34. Qb4+ Ke8 35. Qb5+ Kf8 36. Qb4+ Ke8 37. Qb5+ {Game drawn by
repetition} 1/2-1/2

[Event "Team 45 45 League T53"]
[Site "Internet Chess Club"]
[Date "2012.07.09"]
[Round "8"]
[White "WillC"]
[Black "ghostfire"]
[Result "0-1"]
[WhiteElo "1708"]
[BlackElo "1789"]
[Opening "Queen's bishop game"]
[ECO "D02"]
[Time "21:00:56"]
[TimeControl "2700+45"]

1. d4 d5 2. Nf3 Nf6 3. Bf4 c6 4. e3 Bg4 5. Be2 e6 6. h3 Bh5 7. Nbd2 Bd6 8. Bg5
O-O 9. O-O Nbd7 10. c4 Rc8 11. Rc1 Be7 12. a3 h6 13. Bf4 Bg6 14. c5 Ne4 15. Ne5
Nxd2 16. Qxd2 Nxe5 17. Bxe5 Qd7 18. Qa5 a6 19. Rc3 Bd8 20. Qb4 Ra8 21. Rb3 Ra7
22. Bd6 Re8 23. Bb8 a5 24. Qd2 Ra8 25. Bd6 a4 26. Rb4 Ba5 27. Qd1 Bxb4 28. axb4
b5 29. Bd3 Bxd3 30. Qxd3 Ra6 31. e4 Rea8 32. Ra1 dxe4 33. Qxe4 a3 34. bxa3 Rxa3
35. Rb1 Ra1 36. Rxa1 Rxa1+ 37. Kh2 Rc1 38. Qg4 f5 39. Qf4 Rc4 40. Qd2 Qa7 41.
Qe2 Qd7 42. Qd2 Qf7 43. Be5 Qg6 44. Qa2 Qe8 45. Qa7 Qf7 46. Qa8+ Kh7 47. Qxc6
Rxb4 48. Qb6 Ra4 49. Qxb5 Ra8 50. c6 Rc8 51. Qb7 Qg8 52. Bxg7 Kg6 53. Be5 Re8
54. c7 Rc8 55. Qc6 Qe8 56. Qc1 Qd7 57. Qf4 Kh7 58. h4 Rg8 59. Qc1 Qd5 60. g3 Rc8
61. Qa3 Qd7 62. Qe3 Qc6 63. Bf4 Ra8 64. Qc1 Qxc1 65. Bxc1 Kg6 66. Kg2 Rc8 67.
Bf4 h5 68. Kf3 Kf7 69. Ke3 Ke7 70. Kd3 Kd7 71. Kc4 Kc6 72. Kd3 Kd5 73. Be5 Kc6
74. Ke3 Kd7 75. Kf4 Rg8 76. f3 Kc8 77. Ke3 Kd7 78. Kf4 Kc8 79. Ke3 Kd7 80. Kd3
Kc6 81. Kc4 Rc8 82. Bf4 Rg8 83. Kb4 Rc8 84. Kc4 Rg8 85. Kd3 Kd7 86. d5 exd5 87.
Kd4 Ke6 88. Kc5 Rc8 89. Kc6 d4 90. Kc5 d3 91. Kc6 Re8 92. Kb7 Kd7 93. Bg5 Rc8
94. Bf4 Rxc7+ {White resigns} 0-1

[Event "Team 45 45 League T53"]
[Site "Internet Chess Club"]
[Date "2012.07.09"]
[Round "8"]
[White "IceBox"]
[Black "minke"]
[Result "1-0"]
[WhiteElo "1887"]
[BlackElo "1877"]
[Opening "Robatsch (modern) defense"]
[ECO "A40"]
[Time "15:30:53"]
[TimeControl "2700+45"]

1. d4 g6 2. e4 Bg7 3. Nc3 d6 4. Bc4 Nf6 5. Nf3 Bg4 6. e5 dxe5 7. Bxf7+ Kf8 8.
Bb3 e4 9. h3 exf3 10. hxg4 fxg2 11. Rg1 Nc6 12. g5 Qxd4 13. gxf6 Qxf6 14. Rxg2
Nd4 15. Bd5 c6 16. Bg5 Qe5+ 17. Be4 Rd8 18. Be3 Rd6 19. Rg5 Qf6 20. Qg4 Bh6 21.
Ra5 Bxe3 22. fxe3 Nb5 23. Nxb5 cxb5 24. Qf3 Qxf3 25. Bxf3 h5 26. Rxa7 Kf7 27.
Rxb7 g5 28. Rxb5 g4 29. Be2 Rg6 30. Kf2 h4 31. Kg2 Rd8 32. Rd1 Rh8 33. a4 h3+
34. Kg3 h2 35. Rh1 Rh3+ 36. Kg2 Rxe3 37. Bc4+ Kg7 38. Rxh2 Rf6 39. Rg5+ {Black
resigns} 1-0

[Event "Team 45 45 League T53"]
[Site "Internet Chess Club"]
[Date "2012.07.05"]
[Round "8"]
[White "jjmolina"]
[Black "frank001"]
[Result "1/2-1/2"]
[WhiteElo "1946"]
[BlackElo "1781"]
[Opening "Sicilian: Najdorf, Byrne (English) attack"]
[ECO "B90"]
[Time "02:00:41"]
[TimeControl "2700+45"]

1. e4 c5 2. Nf3 d6 3. d4 cxd4 4. Nxd4 Nf6 5. Nc3 a6 6. Be3 e5 7. Nb3 Be6 8. f3
h5 9. Qd2 Nbd7 10. O-O-O Rc8 11. Kb1 Be7 12. Nd5 Bxd5 13. exd5 Nb6 14. Bxb6 Qxb6
15. Qa5 Qxa5 16. Nxa5 Rc7 17. Nc4 Nd7 18. Ne3 g6 19. h4 f5 20. g3 Kf7 21. c4 Nf6
22. b3 e4 23. Bg2 exf3 24. Bxf3 Re8 25. Ng2 {Game drawn by mutual agreement}
1/2-1/2

[Event "Team 45 45 League T53"]
[Site "Internet Chess Club"]
[Date "2012.07.08"]
[Round "8"]
[White "mcplayerus"]
[Black "LittleWarrior"]
[Result "0-1"]
[WhiteElo "2001"]
[BlackElo "1974"]
[Opening "King's Indian, 3.Nf3"]
[ECO "E62"]
[Time "11:00:02"]
[TimeControl "2700+45"]

1. d4 Nf6 2. Nf3 g6 3. c4 Bg7 4. g3 O-O 5. Bg2 d6 6. Nc3 c6 7. O-O Bg4 8. Qc2
Bxf3 9. Bxf3 e6 10. Rd1 d5 11. Bg5 h6 12. Bf4 dxc4 13. e4 Nbd7 14. Qe2 Nb6 15.
h4 Qe7 16. Rd2 Rad8 17. Qe3 h5 18. Rad1 Ng4 19. Bxg4 hxg4 20. Qe2 f5 21. Qe3 Qb4
22. Bh6 Rd7 23. Ne2 Qe7 24. Bxg7 Kxg7 25. Nf4 Kh7 26. Kg2 e5 27. dxe5 Rxd2 28.
Qxd2 Qxe5 29. exf5 Rxf5 30. Re1 Qf6 31. Re6 Qf7 32. Qd6 Nd5 33. Kg1 Rf6 34. Rxf6
Qxf6 35. Ne6 Kh6 36. Qd7 Qxb2 37. Ng5 Qg7 38. Qxg4 c3 39. Qc4 Qe7 40. Qd4 Qf6
41. Qe4 a5 42. a3 b5 43. f4 Qe7 44. Qc2 Qe1+ {White resigns} 0-1

[Event "Team 45 45 League T53"]
[Site "Internet Chess Club"]
[Date "2012.07.08"]
[Round "8"]
[White "Agazo"]
[Black "Killian"]
[Result "1-0"]
[WhiteElo "1756"]
[BlackElo "1978"]
[Opening "QGD: exchange, positional line"]
[ECO "D35"]
[Time "15:02:52"]
[TimeControl "2700+45"]

1. d4 Nf6 2. c4 e6 3. Nc3 d5 4. cxd5 exd5 5. Bg5 Bb4 6. e3 c6 7. Bd3 Qa5 8. Qc2
Ne4 9. Bxe4 dxe4 10. Bf4 O-O 11. Ne2 f5 12. O-O Be6 13. a3 Be7 14. b4 Qd8 15.
Rfd1 a5 16. b5 Bc4 17. bxc6 bxc6 18. Ng3 Bd3 19. Qb3+ Kh8 20. f3 Bg5 21. fxe4
Bxf4 22. exf4 Qxd4+ 23. Kh1 a4 24. Qb7 Na6 25. Nce2 Qd8 26. exf5 Nc5 27. Qxc6
Nb3 28. Ra2 Rc8 29. Qf3 Bxe2 30. Qxe2 Qc7 31. Qf3 Rcd8 32. Rxd8 Rxd8 33. h3 Qc4
34. Qe4 Qc5 35. Kh2 Nd4 36. Rd2 h6 37. Rd3 Qb6 38. Nh5 {Black resigns} 1-0

[Event "Team 45 45 League T53"]
[Site "Internet Chess Club"]
[Date "2012.07.07"]
[Round "8"]
[White "SlimeDog2"]
[Black "eurander"]
[Result "1/2-1/2"]
[WhiteElo "2156"]
[BlackElo "2124"]
[Opening "QGD Slav: 4.e3 Bf5"]
[ECO "D12"]
[Time "03:04:20"]
[TimeControl "2700+45"]

1. d4 d5 2. c4 c6 3. Nf3 Nf6 4. e3 Bf5 5. Nc3 e6 6. Nh4 Bg6 7. Nxg6 hxg6 8. a3
Nbd7 9. b4 dxc4 10. Bxc4 a5 11. Rb1 {Game drawn by mutual agreement} 1/2-1/2

[Event "Team 45 45 League T53"]
[Site "Internet Chess Club"]
[Date "2012.07.07"]
[Round "8"]
[White "chess92192"]
[Black "sonoftill"]
[Result "1/2-1/2"]
[WhiteElo "2021"]
[BlackElo "1884"]
[Opening "Queen's Indian: Nimzovich variation (exaggerated fianchetto)"]
[ECO "E15"]
[Time "11:09:53"]
[TimeControl "2700+45"]

1. d4 Nf6 2. c4 e6 3. Nf3 b6 4. g3 Ba6 5. Nbd2 Bb4 6. Qc2 O-O 7. Bg2 d5 8. O-O
c5 9. dxc5 Bxc5 10. Re1 Nbd7 11. cxd5 Nxd5 12. a3 Qc8 13. Qb1 N7f6 14. h3 Rd8
15. e4 Bxf2+ 16. Kxf2 Qc5+ 17. Nd4 Qxd4+ 18. Kf3 Nc7 19. Nb3 Qd3+ 20. Qxd3 Rxd3+
21. Re3 Rad8 22. Kf2 Bb7 23. e5 Bxg2 24. exf6 Bxh3 25. fxg7 Kxg7 26. Rxd3 Rxd3
27. Nd2 Bg4 28. Nc4 f6 29. b4 Rf3+ 30. Kg2 Nd5 31. Bd2 h5 32. a4 Rb3 33. Ra3
Rxa3 34. Nxa3 a6 35. a5 bxa5 36. bxa5 e5 37. Nc4 Kf7 38. Kf2 Ke6 39. Ne3 Ne7 40.
Nc2 Nc6 41. Nb4 Nxa5 42. Nxa6 Nc4 43. Bc1 Nd6 44. Nc7+ Kd7 45. Nd5 Ne4+ 46. Kg2
Ke6 47. Ne3 f5 48. Kh2 Nf2 49. Kg2 Nd3 50. Bd2 f4 51. gxf4 exf4 52. Nc2 h4 53.
Ne1 Nxe1+ 54. Bxe1 h3+ 55. Kg1 Ke5 56. Bf2 Ke4 57. Ba7 Be6 58. Kh2 Kf3 59. Bb6
Kg4 60. Ba7 Bd5 61. Bb6 Bg2 62. Ba7 {Game drawn by mutual agreement} 1/2-1/2

[Event "Team 45 45 League T53"]
[Site "Internet Chess Club"]
[Date "2012.07.10"]
[Round "8"]
[White "cesaralexander"]
[Black "kidviper"]
[Result "1-0"]
[WhiteElo "1919"]
[BlackElo "1978"]
[Opening "Nimzo-Indian: classical variation"]
[ECO "E32"]
[Time "13:18:59"]
[TimeControl "2700+45"]

1. d4 Nf6 2. c4 e6 3. Nc3 Bb4 4. Qc2 O-O 5. Bg5 c5 6. dxc5 Na6 7. a3 Bxc3+ 8.
Qxc3 Nxc5 9. f3 a5 10. b3 d6 11. e3 e5 12. Ne2 Be6 13. Qc2 Rc8 14. Nc3 Qb6 15.
Rb1 Ncd7 16. Qd2 h6 17. Bh4 Qc5 18. Nb5 d5 19. b4 axb4 20. axb4 Qe7 21. cxd5
Bxd5 22. e4 Be6 23. Be2 Rfd8 24. Qb2 Bc4 25. O-O Nb6 26. Bf2 Qe8 27. Bxb6 Qxb5
28. Bxd8 Bxe2 29. Bxf6 Bxf1 30. Bxe5 Bd3 31. Rd1 f6 32. Bg3 Bc4 33. Rc1 Qd7 34.
h3 b5 35. Qf2 Ra8 36. Qc5 Qd2 37. Rxc4 bxc4 38. Qxc4+ Kh7 39. e5 f5 40. Qf4 Qc2
41. Bf2 Ra1+ 42. Kh2 Qb1 43. h4 Qh1+ 44. Kg3 Qb1 45. e6 Ra6 46. e7 Rg6+ 47. Kh2
Qf1 48. Bg3 Qe2 49. Qxf5 Qe6 50. Qe4 Qxe4 51. fxe4 Re6 52. Bd6 Kg6 53. e5 Kf7
54. b5 g5 55. b6 Rg6 56. b7 Rg8 57. b8=Q Rxb8 58. Bxb8 Kxe7 59. hxg5 hxg5 60.
Kg3 Kf7 61. Kg4 Kg6 62. Bc7 Kh6 63. Bd8 Kg6 64. Bxg5 Kf7 65. Kf5 Kg7 66. Ke6 Kh7
67. Kd7 Kg7 68. e6 Kh7 69. e7 Kg7 70. e8=Q Kh7 71. Qh5+ Kg8 72. Ke6 Kg7 73. Bf6+
Kg8 74. Qf7# {Black checkmated} 1-0

[Event "Team 45 45 League T53"]
[Site "Internet Chess Club"]
[Date "2012.07.07"]
[Round "8"]
[White "kidcobra"]
[Black "katikus"]
[Result "0-1"]
[WhiteElo "1707"]
[BlackElo "1859"]
[Opening "Sicilian: Canal-Sokolsky attack, 3...Bd7"]
[ECO "B52"]
[Time "13:01:26"]
[TimeControl "2700+45"]

1. e4 c5 2. Nf3 d6 3. Bb5+ Bd7 4. Bxd7+ Nxd7 5. d4 cxd4 6. Nxd4 Ngf6 7. Nc3 g6
8. O-O Bg7 9. Be3 O-O 10. Nb3 Rc8 11. Rb1 Rxc3 12. bxc3 Nxe4 13. Bd2 Qc7 14. Re1
d5 15. f3 Nxd2 16. Nxd2 Bxc3 17. Re2 e6 18. Nb3 Rc8 19. Nc1 Be5 20. g3 Nb6 21.
f4 Bg7 22. Rg2 Na4 23. Ne2 b6 24. Rb4 Qc5+ 25. Rd4 Nc3 26. Qd3 Nxe2+ 27. Rxe2
Qxd4+ 28. Qxd4 Bxd4+ 29. Kg2 Rc3 30. h4 Ra3 31. c3 Rxc3 32. g4 b5 33. h5 Bg7 34.
f5 gxf5 35. gxf5 e5 36. h6 Bf6 37. a4 b4 38. Rd2 d4 39. Kh2 b3 40. Rb2 Rc2+ 41.
Kh3 Rxb2 42. a5 Rc2 43. a6 b2 44. Kg4 b1=Q 45. Kh5 Rh2+ 46. Kg4 Qg1+ 47. Kf3
Qe3+ 48. Kg4 Qf4# {White checkmated} 0-1

[Event "Team 45 45 League T53"]
[Site "Internet Chess Club"]
[Date "2012.07.07"]
[Round "8"]
[White "Rodin7"]
[Black "grabuark"]
[Result "0-1"]
[WhiteElo "2020"]
[BlackElo "2189"]
[Opening "Sicilian: Alapin's variation (2.c3)"]
[ECO "B22"]
[Time "21:58:34"]
[TimeControl "2700+45"]

1. e4 c5 2. c3 d5 3. exd5 Qxd5 4. d4 Nf6 5. Nf3 e6 6. Bd3 Be7 7. dxc5 O-O 8. O-O
Rd8 9. Bc2 Qxc5 10. Qe2 b6 11. Be3 Qh5 12. Rd1 Nbd7 13. Nbd2 Bb7 14. Nc4 Bd5 15.
Bd3 Rac8 16. Ncd2 Nc5 17. Bxc5 Bxc5 18. Ne4 Bxe4 19. Bxe4 Ng4 20. Rxd8+ Rxd8 21.
Rf1 Nxh2 22. Bxh7+ Kh8 23. Be4 Nxf1 24. Kxf1 Qh1+ 25. Ng1 Qh6 26. Nf3 Qc1+ 27.
Qe1 {White resigns} 0-1

[Event "Team 45 45 League T53"]
[Site "Internet Chess Club"]
[Date "2012.07.07"]
[Round "8"]
[White "Zumbi"]
[Black "jofer"]
[Result "1/2-1/2"]
[WhiteElo "2163"]
[BlackElo "2099"]
[Opening "Sicilian: Canal-Sokolsky attack, 3...Bd7"]
[ECO "B52"]
[Time "15:09:05"]
[TimeControl "2700+45"]

1. e4 c5 2. Nf3 d6 3. Bb5+ Bd7 4. Bxd7+ Nxd7 5. O-O Ngf6 6. Qe2 e6 7. b3 Be7 8.
Bb2 O-O 9. c4 a6 10. d4 cxd4 11. Nxd4 Qb6 12. Nc2 Rac8 13. Nc3 Ne5 14. Ne3 Qa5
15. f4 Ng6 16. Rad1 b5 17. Qd3 bxc4 18. Nxc4 Qh5 19. Qf3 Qxf3 20. Rxf3 Rfd8 21.
Ba3 d5 22. Bxe7 Nxe7 23. exd5 Nfxd5 24. Rfd3 Rf8 25. Nxd5 Nxd5 26. f5 Nb4 27.
Rd6 Nxa2 28. fxe6 fxe6 29. Rxe6 Nb4 30. Rd7 Rce8 31. Rxe8 Rxe8 32. Kf2 Kf8 33.
Kf3 Re7 34. Rd6 Rf7+ 35. Ke2 Rb7 36. Ke3 Ke7 37. Kd4 Rb5 38. Ke4 Nc2 39. Rxa6
Rxb3 40. Ra2 {Game drawn by mutual agreement} 1/2-1/2

[Event "Team 45 45 League T53"]
[Site "Internet Chess Club"]
[Date "2012.07.07"]
[Round "8"]
[White "TahoeSam"]
[Black "Tobiasdelmonte"]
[Result "1-0"]
[WhiteElo "1963"]
[BlackElo "1761"]
[Opening "King's Indian: Torre attack"]
[ECO "A48"]
[Time "15:21:12"]
[TimeControl "2700+45"]

1. d4 Nf6 2. Nf3 g6 3. Bg5 Bg7 4. Nbd2 O-O 5. c3 d5 6. e3 c5 7. Be2 Nc6 8. dxc5
e5 9. O-O Qe7 10. b4 a5 11. Qa4 Bg4 12. b5 Bxf3 13. Bxf3 e4 14. Bxe4 dxe4 15.
bxc6 bxc6 16. Bxf6 Qxf6 17. Nxe4 Qe6 18. Rad1 f5 19. Ng5 Qf6 20. Qh4 h6 21. Qc4+
Kh8 22. Ne6 Qf7 23. Rd6 Rac8 24. Qa6 Ra8 25. Qxc6 Rfc8 26. Qd5 Bxc3 27. c6 Re8
28. c7 Bb4 29. Rd8 Qg8 30. Qxa8 {Black resigns} 1-0